 Dungeon Crawl Stone Soup version 0.28-a0-194-g42b4daccc1 (webtiles) character file.

Game seed: 13374493484601765823

37 thedisplayname the Sneak (level 3, -1/26 HPs)
             Began as an Octopode Monk on Aug 18, 2021.
             Slain by a worm (11 damage)
             ... on level 2 of the Dungeon.
             The game lasted 00:04:40 (1442 turns).

thedisplayname the Sneak (Octopode Monk)            Turns: 1442, Time: 00:04:40

Health: -1/26      AC:  1    Str:  8 (10) XL:     3   Next: 41%
Magic:  3/3        EV: 14    Int:  9 (12) God:
Gold:   71         SH:  0    Dex: 14 (15) Spells: 2/2 levels left

rFire   . . .      SeeInvis .   a - +0 short sword
rCold   . . .      Faith    .   (no shield)
rNeg    . . .      Spirit   .   (helmet restricted)
rPois   .          Reflect  .   (no amulet)
rElec   .          Harm     .   (no ring)
rCorr   .          Rampage  .   (no ring)
Will    .....                   (no ring)
Stlth   ++++......              (no ring)
HPRegen 0.08/turn               (no ring)
MPRegen 0.08/turn               (no ring)
                                (no ring)
                                (no ring)

@: no status effects
A: almost no armour, amphibious, 8 rings, camouflage 1, gelatinous body 1,
(nimble swimmer 1), tentacles
a: no special abilities


You were on level 2 of the Dungeon.
You visited 1 branch of the dungeon, and saw 2 of its levels.

You collected 71 gold pieces.

Inventory:

Hand Weapons
 a - a +0 short sword (weapon)
Jewellery
 b - a ring of positive energy
Scrolls
 c - a scroll of vulnerability {unknown}
 f - a scroll of teleportation
Potions
 d - a potion of cancellation
 e - a potion of brilliance {unknown}
 g - a potion of heal wounds {unknown}


   Skills:
 - Level 3.0 Fighting
 + Level 3.3 Short Blades
 * Level 3.5 Dodging
 * Level 4.0 Stealth


You had 2 spell levels left.
You didn't know any spells.
Your spell library contained the following spells:

 Spells                   Type           Power      Damage    Failure   Level
 Freeze                   Ice            0%         1d3       38%         1
 Frozen Ramparts          Ice            0%         1d2       77%         3
 Hailstorm                Conj/Ice       0%         3d3       99%         4


Dungeon Overview and Level Annotations

Branches:
Dungeon (2/15)

Altars:
Wu Jian


Innate Abilities, Weirdness & Mutations

You cannot wear most types of armour.
You are amphibious.
You can wear up to eight rings at the same time.
Your skin changes colour to match your surroundings (Stealth+).
Your rubbery body absorbs attacks. (AC +1, EV +1)
((You are camouflaged near water. (Stealth+)))
You have tentacles for arms and can constrict up to eight enemies at once.


Message History

You hit the bat but do no damage.
The bat is severely wounded.
You constrict the bat.
You kill the bat!
Your Stealth skill increases to level 4!
The helpless frilled lizard fails to defend itself.
You puncture the frilled lizard!
You kill the frilled lizard!
No target in view!
You open the door.
A worm comes into view.
Found a purple potion.
There is an open door here.
The worm closely misses you.
You barely miss the worm. You grab the worm. You constrict the worm.
You hit the worm.
The worm is lightly wounded.
You constrict the worm. The worm bites you.
You hit the worm.
The worm is moderately wounded.
You constrict the worm. The worm bites you.
You hit the worm.
The worm is heavily wounded.
You constrict the worm. You hit the worm.
The worm is severely wounded.
You constrict the worm. The worm bites you!
You are too injured to fight recklessly!
You are too injured to fight recklessly!
You are too injured to fight recklessly!
You release your grip on the worm.
You are too injured to fight recklessly!
You are too injured to fight recklessly!
You are too injured to fight recklessly!
The worm barely misses you.
You hit the worm but do no damage. You grab the worm.
The worm is severely wounded.
You constrict the worm, but do no damage.
The worm bites you!
You die...

###+#####
#...@w..#
#....!..#
#.......#
#.......#
###'#####
###.##
#....# ###
#....###...#
#......+...+


You could see a worm.

Vanquished Creatures
  3 endoplasms
  5 goblins
  4 hobgoblins (D:1)
  2 jackals (D:1)
  2 kobolds (D:1)
  A quokka (D:1)
  4 ball pythons
  3 bats
  5 frilled lizards
  7 rats
36 creatures vanquished.

Notes
Turn   | Place    | Note
-------+----------+-------------------------------------------
     0 | D:1      | thedisplayname the Octopode Monk began the quest for the
                  | Orb.
     0 | D:1      | Reached XP level 1. HP: 16/16 MP: 1/1
   158 | D:1      | Reached skill level 3 in Stealth
   333 | D:1      | Reached XP level 2. HP: 21/21 MP: 2/2
   816 | D:1      | Reached XP level 3. HP: 22/26 MP: 3/3
  1224 | D:2      | Found an ornate altar of the Wu Jian Council.
  1421 | D:2      | Reached skill level 4 in Stealth
  1442 | D:2      | Slain by a worm

Illustrated notes

Levels and vault maps discovered:
D:1:      tarquinn_simple_flora_water_b, layout_basic
D:2:      layout_basic, basic_ecumenical_altar, basic_altar,
          uniq_crazy_yiuf_cottage

Skill      XL: |  1  2  3 |
---------------+----------+-----
Stealth        | 3 4 |  4.0
Fighting       | |  3.0
Short Blades   | |  3.3
Dodging        | |  3.5

Action                   || total
-------------------------++-------
Melee: Short sword       ||    69
       Constrict         ||    13
       Tentacles         ||     7
  Use: Scroll            ||     2
       Potion            ||     2
 Stab: Sleeping          ||    16
Armor: Skin              ||     4
Dodge: Dodged            ||    30

Table legend: (Time is in decaauts)
 A = Elapsed time spent in this place.
 B = Non-inter-level travel time spent in this place.
 C = Inter-level travel time spent in this place.
 D = Time resting spent in this place.
 E = Time spent auto-exploring this place.
 F = Levels seen in this place.
 G = Mean time per level.
                   A        B        C        D        E       F      G
               +--------+--------+--------+--------+--------+-----+--------+
         Total |   1437 |   1395 |     42 |      2 |   1130 |   2 |  718.5 |
       Dungeon |   1437 |   1395 |     42 |      2 |   1130 |   2 |  718.5 |
               +--------+--------+--------+--------+--------+-----+--------+

Top non-repeatable levels by time:
     D:1: 976 daAuts
     D:2: 461 daAuts
